 Dungeon Crawl Stone Soup version 0.30-a0-187-gd9c2deaf24 (webtiles) character file.

Game seed: 14288266004718487382

42132 pokeman the Eclecticist (level 13, -4/72 HPs)
             Began as a Deep Elf Hedge Wizard on Oct 3, 2022.
             Was a High Priest of Vehumet.
             Slain by a six-headed hydra (11 damage)
             ... on level 14 of the Dungeon.
             The game lasted 00:56:26 (17276 turns).

pokeman the Eclecticist (Deep Elf Hedge Wizard)    Turns: 17276, Time: 00:56:26

Health: -4/72      AC:  7    Str:  7    XL:     13   Next: 83%
Magic:  23/47      EV: 11    Int: 31    God:    Vehumet [*****.]
Gold:   1564       SH:  5    Dex: 14    Spells: 14/51 levels left

rFire   + . .      SeeInvis .    m - staff of fire
rCold   . . .      Faith    .    I - +0 buckler
rNeg    . . .      Spirit   .    Q - +0 troll leather armour
rPois   .          Reflect  .    c - +0 hat
rElec   .          Harm     .    (no cloak)
rCorr   .          Rampage  .    b - +0 pair of gloves
Will    +....                    H - +0 pair of boots
Stlth   ++........               R - amulet of regeneration
HPRegen 1.92/turn                j - +6 ring of intelligence
MPRegen 0.30/turn                x - ring of magical power

@: no status effects
A: no striking features
a: Renounce Religion


You were on level 14 of the Dungeon.
You worshipped Vehumet.
Vehumet was extremely pleased with you.
You visited 2 branches of the dungeon, and saw 15 of its levels.

You collected 1692 gold pieces.
You spent 128 gold pieces at shops.

Inventory:

Hand Weapons
 h - a +2 whip of electrocution
 y - the +3 dagger of Enkack {freeze, rC+ Dex+2}
   (You found it on level 4 of the Dungeon)

   It freezes those it strikes, dealing additional cold damage.
   It can also slow down cold-blooded creatures.
   Dex:       It affects your dexterity (+2).
   rC:        It protects you from cold.
 K - a +0 arbalest
Armour
 b - a +0 pair of gloves (worn)
 c - a +0 hat (worn)
 H - a +0 pair of boots (worn)
 I - a +0 buckler (worn)
 Q - a +0 troll leather armour (worn)
Magical Staves
 m - a staff of fire (weapon)
Jewellery
 e - a +6 ring of dexterity
 j - a +6 ring of intelligence (left hand)
 n - a ring of positive energy
 q - a ring of protection from fire
 r - a +4 ring of protection
 u - a +4 ring of protection
 x - a ring of magical power (right hand)
 F - a ring of magical power
 M - an amulet of faith
 R - an amulet of regeneration (around neck)
Wands
 w - a wand of flame (56)
 D - a wand of mindburst (17)
 P - a wand of polymorph (4)
Scrolls
 a - 7 scrolls of blinking
 i - 2 scrolls of vulnerability
 t - a scroll of brand weapon
 z - a scroll of poison
 B - 2 scrolls of magic mapping
 C - 6 scrolls of teleportation
 E - 2 scrolls of fear
 J - 3 scrolls of immolation
Potions
 d - 2 potions of magic
 f - a potion of ambrosia
 g - 2 potions of attraction
 k - a potion of flight
 l - 5 potions of haste
 o - a potion of berserk rage
 p - 3 potions of brilliance
 s - 3 potions of lignification
 v - a potion of might
 A - 6 potions of mutation
 G - 2 potions of heal wounds
 L - 5 potions of curing
 O - 2 potions of invisibility
Miscellaneous
 N - a condenser vane


   Skills:
 - Level 5.0 Fighting
 + Level 5.4 Armour
 - Level 3.0 Dodging
 - Level 3.0 Stealth
 - Level 5.0 Shields
 * Level 19.8 Spellcasting
 + Level 12.0 Conjurations
 - Level 1.1 Summonings
 - Level 1.1 Necromancy
 - Level 1.1 Translocations
 + Level 11.4 Fire Magic
 - Level 1.0 Ice Magic
 - Level 1.2 Air Magic
 - Level 1.0 Earth Magic
 - Level 1.0 Poison Magic
 - Level 1.0 Evocations


You had 14 spell levels left.
You knew the following spells:

 Your Spells              Type           Power      Damage    Failure   Level
a - Magic Dart            Conj           100%       1d8       0%          1
b - Mephitic Cloud        Conj/Pois/Air  57%        N/A       1%          3
c - Call Imp              Summ           37%        N/A       2%          2
d - Blink                 Tloc           74%        N/A       2%          2
e - Fireball              Conj/Fire      50%        3d20      1%          5
f - Starburst             Conj/Fire      50%        6d14      1%          6
g - Iron Shot             Conj/Erth      32%        9d7       6%          6
h - Fire Storm            Conj/Fire      50%        8d13      98%         9
i - Hailstorm             Conj/Ice       63%        3d13      1%          3

Your spell library contained the following spells:

 Spells                   Type           Power      Damage    Failure   Level
 Necrotise                Necr           100%       1d9       1%          1
 Sting                    Tmut/Pois      100%       1d8       1%          1
 Cigotuvi's Dreadful Rot  Necr/Pois/Air  74%        N/A       1%          2
 Poisonous Vapours        Pois/Air       74%        N/A       1%          2
 Arcjolt                  Conj/Air       32%        1d42      1%          5
 Iskenderun's Battlesphe  Conj           81%        2d13      1%          5
 Beastly Appendage        Tmut           60%        N/A       2%          1
 Slow                     Hex            100%       N/A       2%          1
 Wereblood                Tmut           30%        N/A       3%          2
 Vampiric Draining        Necr           37%        2d8       4%          3
 Olgreb's Toxic Radiance  Pois           37%        N/A       4%          4
 Spider Form              Tmut/Pois      33%        N/A       5%          3
 Spellforged Servitor     Conj/Summ      32%        N/A       30%         7
 Agony                    Necr           37%        N/A       36%         5
 Chain Lightning          Conj/Air       32%        3d42      100%        9
 Shatter                  Erth           18%        3d17*     100%        9


Dungeon Overview and Level Annotations

Branches:
Dungeon (14/15)            Temple (1/1) D:4            Lair (0/5) D:9
    Orc (0/2) D:9          Vaults (0/5) D:14

Altars:
Ashenzari
Dithmenos
Elyvilon
Fedhas
Hepliaklqana
Kikubaaqudgha
Nemelex Xobeh
Okawaru
Qazlal
Ru
Sif Muna
Trog
Uskayaw
Vehumet
Xom
Yredelemnul
Zin
The Shining One

Shops:
D:2 (   D:3 (   D:5 *   D:13 **

Annotations:
D:3 2 runed translucent doors, brightshaft's ghost, amateur MiHu


Message History

You close the door.
You start resting.
A six-headed hydra comes into view.
Casting: Starburst (dangerous; 1% risk of failure)
Confirm with . or Enter, or press ? or * to list all spells.
Casting: Hailstorm (safe; 1% risk of failure)
Press: ? - help, Dir - look around, f - activate A cannonade of hail descends around you!
The hail pelts the vault guard!
You kill the vault guard!
Vehumet accepts your kill.
You feel your power returning.
The hail pelts the efreet!!
The efreet is frozen!
The efreet is heavily wounded.
Unknown command.
Casting: Hailstorm (safe; 1% risk of failure)
Confirm with . or Enter, or press ? or * to list all spells.
Casting: Hailstorm (safe; 1% risk of failure)
Press: ? - help, Dir - look around, f - activate A cannonade of hail descends around you!
The hail pelts the efreet.
The efreet is heavily wounded.
The hail pelts the freezing wraith.
The freezing wraith partially resists.
The freezing wraith is lightly damaged.
Casting: Hailstorm (safe; 1% risk of failure)
Confirm with . or Enter, or press ? or * to list all spells.
You blink.
You are engulfed in blazing flames.
You resist.
The freezing wraith hits you but does no damage.
The freezing wraith hits you! The six-headed hydra bites you!
You block the six-headed hydra's attack.
The six-headed hydra bites you! The six-headed hydra bites you.
The six-headed hydra bites you!
* * * LOW HITPOINT WARNING * * *
The six-headed hydra bites you but does no damage.
You feel stable enough to blink again. The six-headed hydra bites you!
* * * LOW HITPOINT WARNING * * *
The six-headed hydra closely misses you.
The six-headed hydra bites you!
You die...

###...# #.......#
###.# ######'## .#
#..# .# ##.# .# #.##
# #..# ...####
#######'###
.∩.....###○W.......##
#.§○○R°@.......#
#####..D.......#
#.........)#
#............
#.........#W°.
#.........#...
#.........# ..
###########


You could see a six-headed hydra, a freezing wraith and an efreet.

Vanquished Creatures
  Kirke (D:14)
  5 vault guards (D:14)
  3 hydras
  Erolcha (D:11)
  Erica (D:8)
  A boulder beetle (D:13)
  3 two-headed ogres
  A death knight (D:14)
  2 centaur warriors
  A tengu warrior (D:14)
  Urug (D:13)
  Sonja (D:13)
  11 skeletal warriors
  Pikel (D:5)
  7 ugly things
  A deep elf pyromancer (D:13)
  6 slime creatures (D:12)
  2 manticores
  3 cyclopes
  A gargoyle (D:10)
  An unseen horror (D:10)
  Psyche (D:8)
  2 freezing wraiths (D:14)
  3 komodo dragons
  3 tengu conjurers (D:14)
  A kobold demonologist (D:9)
  2 trolls
  A hornet (D:8)
  Grinder (D:5)
  A blink frog (shapeshifter) (D:12)
  2 shadows
  Sigmund (D:2)
  2 wraiths
  9 yaks
  5 hogs (D:14)
  3 wyverns
  Grum (D:8)
  A basilisk (D:14)
  A steam dragon (D:8)
  Menkaure (D:7)
  10 vampire mosquitoes
  Edmund (D:5)
  3 water moccasins
  13 orc warriors
  3 black bears
  A sky beast (D:6)
  An ice beast (D:5)
  An ogre (D:6)
  4 wolves (D:8)
  9 centaurs
  5 phantoms
  3 lemures (D:5)
  15 kobold brigands
  2 necrophages (D:5)
  5 bullfrogs
  3 scorpions
  7 wights
  4 killer bees (D:10)
  6 howler monkeys
  3 jellies
  A gnoll bouda (D:6)
  17 orc priests
  2 hounds (D:4)
  5 iguanas
  Ijyb (D:3)
  12 orc wizards
  7 gnolls
  10 adders
  A shadow imp (D:8)
  2 ufetubi (D:4)
  3 worms (D:5)
  A dart slug (D:1)
  67 orcs
  8 bats
  3 endoplasms
  6 giant cockroaches
  9 goblins
  6 hobgoblins
  7 jackals
  4 quokkas
  4 ball pythons
  5 frilled lizards
  34 kobolds
  12 rats
421 creatures vanquished.

Vanquished Creatures (collateral kills)
  An acid dragon (D:8)
  An orc (D:6)
  A goblin (D:4)
3 creatures vanquished.

Vanquished Creatures (others)
  An orc priest (D:6)
  An orc wizard (D:6)
  An orc (D:6)
  48 fungi (D:9)
  35 plants (D:9)
86 creatures vanquished.

Grand Total: 510 creatures vanquished

Notes
Turn   | Place    | Note
-------+----------+-------------------------------------------
     0 | D:1      | pokeman the Deep Elf Hedge Wizard began the quest for the
                  | Orb.
     0 | D:1      | Reached XP level 1. HP: 10/10 MP: 7/7
   402 | D:1      | Reached XP level 2. HP: 16/16 MP: 5/9
   672 | D:1      | Reached skill level 5 in Spellcasting
   944 | D:1      | Reached XP level 3. HP: 20/20 MP: 7/11
   950 | D:1      | Learned a level 3 spell: Mephitic Cloud
   953 | D:1      | Learned a level 2 spell: Call Imp
   956 | D:1      | Learned a level 2 spell: Blink
  1317 | D:2      | Noticed Sigmund
  1321 | D:2      | Killed Sigmund
  1322 | D:2      | Reached skill level 1 in Fighting
  1322 | D:2      | Reached skill level 1 in Armour
  1322 | D:2      | Reached skill level 6 in Spellcasting
  1322 | D:2      | Reached XP level 4. HP: 21/25 MP: 8/14
  1322 | D:2      | Reached XP level 5. HP: 24/29 MP: 8/15
  1458 | D:2      | Found a faded altar of an unknown god.
  1931 | D:2      | Found Ofuehu's Weapon Emporium.
  2287 | D:3      | Found Qolir's Weapon Shop.
  2300 | D:3      | Found a sacrificial altar of Ru.
  2538 | D:3      | Reached XP level 6. HP: 19/34 MP: 11/17
  2541 | D:3      | Reached skill level 1 in Evocations
  2936 | D:3      | Reached skill level 7 in Spellcasting
  2985 | D:3      | Noticed Ijyb
  2999 | D:3      | Killed Ijyb
  3067 | D:3      | Found a large runed translucent door.
  3067 | D:3      | Found a large runed translucent door.
  3072 | D:3      | Noticed brightshaft's ghost (amateur MiHu)
  3334 | D:3      | Found a hide-covered altar of Uskayaw.
  3442 | D:4      | Reached skill level 1 in Poison Magic
  3823 | D:4      | Noticed a yak
  3847 | D:4      | Reached skill level 1 in Air Magic
  3847 | D:4      | Reached XP level 7. HP: 36/38 MP: 20/20
  3947 | D:4      | Identified the +3 dagger of Enkack {freeze, rC+ Dex+2}
  4004 | D:4      | Reached skill level 1 in Fire Magic
  4114 | D:4      | Reached skill level 8 in Spellcasting
  4185 | D:4      | Found a staircase to the Ecumenical Temple.
  4194 | Temple   | Entered the Ecumenical Temple
  4248 | Temple   | Became a worshipper of Vehumet
  4520 | D:5      | Entered Level 5 of the Dungeon
  4629 | D:5      | Found a glowing silver altar of Zin.
  4630 | D:5      | Found Zin's Purification Station.
  4719 | D:5      | Noticed Grinder
  4724 | D:5      | Paralysed by Grinder for 4 turns
  4732 | D:5      | Killed Grinder
  4733 | D:5      | Reached skill level 9 in Spellcasting
  4733 | D:5      | Reached XP level 8. HP: 44/44 MP: 23/23
  4827 | D:5      | Noticed Pikel
  4842 | D:5      | Killed Pikel
  4843 | D:5      | Reached skill level 10 in Spellcasting
  4843 | D:5      | Reached skill level 5 in Conjurations
  4946 | D:5      | Noticed Edmund
  4970 | D:5      | Killed Edmund
  5097 | D:5      | Noticed a moth of wrath
  5100 | D:5      | Found a bloodstained altar of Trog.
  5467 | D:5      | Reached skill level 1 in Necromancy
  5467 | D:5      | Reached XP level 9. HP: 49/49 MP: 25/25
  5776 | D:5      | Found a shimmering altar of Xom.
  5779 | D:5      | Found a burning altar of Makhleb.
  5779 | D:5      | Found a stormy altar of Qazlal.
  5810 | D:5      | Found a stormy altar of Qazlal.
  5810 | D:5      | Found a radiant altar of Vehumet.
  5810 | D:5      | Found a shimmering altar of Xom.
  5904 | D:6      | Found a sparkling altar of Nemelex Xobeh.
  6034 | D:6      | Reached skill level 11 in Spellcasting
  6118 | D:6      | Found a stormy altar of Qazlal.
  6172 | D:6      | Reached * piety under Vehumet
  6172 | D:6      | Offered knowledge of Shock by Vehumet.
  6700 | D:6      | Reached skill level 5 in Fire Magic
  6825 | D:6      | Reached skill level 1 in Shields
  6998 | D:7      | Noticed Menkaure
  7001 | D:7      | Killed Menkaure
  7311 | D:7      | Reached skill level 12 in Spellcasting
  7743 | D:7      | Found a glowing golden altar of the Shining One.
  8239 | D:8      | Offered knowledge of Freeze by Vehumet.
  8257 | D:7      | Reached ** piety under Vehumet
  8261 | D:7      | Reached XP level 10. HP: 25/56 MP: 24/28
  9142 | D:8      | Noticed Psyche
  9174 | D:8      | Noticed Grum
  9326 | D:8      | Noticed Erica
  9345 | D:8      | Killed Erica
  9346 | D:8      | Reached skill level 13 in Spellcasting
  9435 | D:8      | Killed Psyche
  9698 | D:8      | Killed Grum
  9999 | D:8      | Offered knowledge of Hailstorm by Vehumet.
 10241 | D:8      | Reached skill level 14 in Spellcasting
 10494 | D:9      | Reached *** piety under Vehumet
 10587 | D:9      | Reached XP level 11. HP: 31/60 MP: 29/31
 11116 | D:9      | Found a staircase to the Lair.
 11132 | D:9      | Noticed a two-headed ogre
 11138 | D:9      | Learned a level 3 spell: Hailstorm
 11143 | D:9      | Offered knowledge of Flame Wave by Vehumet.
 11148 | D:9      | Killed a two-headed ogre
 11149 | D:9      | Reached skill level 1 in Ice Magic
 11406 | D:9      | Reached skill level 15 in Spellcasting
 11520 | D:9      | Reached **** piety under Vehumet
 11522 | D:9      | Offered knowledge of Iskenderun's Battlesphere by Vehumet.
 11537 | D:9      | HP: 2/60 [poisoned by a kobold brigand (curare-tipped
                  | dart)]
 11549 | D:9      | HP: 3/60 [orc warrior/+0 dire flail (6)]
 11559 | D:9      | HP: 2/60 [orc/+0 club (3)]
 11762 | D:9      | Found a staircase to the Orcish Mines.
 12034 | D:10     | Entered Level 10 of the Dungeon
 12204 | D:10     | Reached skill level 5 in Shields
 12556 | D:10     | Found a shimmering blue altar of Sif Muna.
 12656 | D:10     | Reached ***** piety under Vehumet
 12771 | D:10     | Found a basalt altar of Yredelemnul.
 13079 | D:10     | Learned a level 6 spell: Iron Shot
 13089 | D:10     | Reached skill level 16 in Spellcasting
 13249 | D:11     | Noticed Erolcha
 13256 | D:11     | Killed Erolcha
 13257 | D:11     | Reached skill level 1 in Earth Magic
 13361 | D:11     | Reached XP level 12. HP: 63/64 MP: 18/34
 13758 | D:11     | Offered knowledge of Starburst by Vehumet.
 13766 | D:11     | Learned a level 6 spell: Starburst
 14383 | D:12     | Learned a level 9 spell: Fire Storm
 14713 | D:12     | Reached skill level 10 in Conjurations
 14804 | D:12     | Noticed a two-headed ogre
 14813 | D:12     | Killed a two-headed ogre
 14820 | D:12     | Reached skill level 17 in Spellcasting
 15076 | D:13     | Noticed a six-headed hydra
 15080 | D:13     | Killed a six-headed hydra
 15308 | D:13     | Noticed a two-headed ogre
 15320 | D:13     | Killed a two-headed ogre
 15524 | D:13     | Found Unur Ocas's Assorted Antiques.
 15549 | D:13     | Noticed Sonja
 15556 | D:13     | Killed Sonja
 15599 | D:13     | Noticed Urug
 15601 | D:13     | Noticed a four-headed hydra
 15613 | D:13     | Killed a four-headed hydra
 15614 | D:13     | Reached skill level 10 in Fire Magic
 15616 | D:13     | Killed Urug
 15617 | D:13     | Reached skill level 18 in Spellcasting
 15736 | D:13     | Noticed a boulder beetle
 15758 | D:13     | Killed a boulder beetle
 15864 | D:13     | Noticed a centaur warrior
 15867 | D:13     | Killed a centaur warrior
 15868 | D:13     | Reached XP level 13. HP: 67/72 MP: 35/37
 16113 | D:13     | Found Pamoaten's General Store.
 16123 | D:13     | Bought a scroll of identify for 32 gold pieces
 16123 | D:13     | Bought a scroll of noise for 16 gold pieces
 16123 | D:13     | Bought a potion of heal wounds for 80 gold pieces
 16198 | D:14     | Reached skill level 5 in Fighting
 16663 | D:14     | Reached skill level 19 in Spellcasting
 16909 | D:14     | Noticed Kirke
 16914 | D:14     | Reached skill level 5 in Armour
 16922 | D:14     | Killed Kirke
 17141 | D:14     | Offered knowledge of Fireball by Vehumet.
 17204 | D:14     | Learned a level 5 spell: Fireball
 17220 | D:14     | Identified a scroll of acquirement
 17227 | D:14     | Acquired 660 gold pieces
 17268 | D:14     | Found a gate to the Vaults.
 17276 | D:14     | Slain by a six-headed hydra

Illustrated notes

Levels and vault maps discovered:
D:1:      lemuel_arrival_lava_pool, layout_basic, minmay_pentomino_r4
D:2:      layout_basic, hellmonk_ecumenical_altar_dog_temple, serial_shops,
          shop, minmay_misc_feat_x, uniq_sigmund
D:3:      layout_loops_corners, mainiacjoe_overflow_concentric_impassable,
          mainiacjoe_overflow_alcove_1, serial_shops, nicolae_shop_stone,
          ebering_ghost_disaster_area, st_stairs_11, uniq_ijyb
D:4:      layout_gridville, lemuel_temple_firewalk_b, minmay_parallelograms,
          lightli_corner_chamber
D:5:      layout_basic, tgw_trog, zin_purify, doesnt_xom_only_xom, minivault_26,
          uniq_edmund, uniq_grinder, uniq_pikel
D:6:      layout_basic, old_standard_altar, grunt_qazlal_clouds
D:7:      layout_rooms, mainiacjoe_overflow_alcove_4, corexii_leaking_fountain,
          uniq_menkaure
D:8:      layout_basic, uniq_grum, uniq_psyche, uniq_erica
D:9:      layout_roguey [special_room_kobold], due_lair_maze_entry_diamond,
          david_orc_5, st_stairs_8, nrook_campfire, grunt_ministairs_2
D:10:     layout_irregular_city, mainiacjoe_overflow_surrounded_room,
          mainiacjoe_overflow_paths
D:11:     layout_basic, uniq_erolcha
D:12:     layout_basic
D:13:     layout_roguey, serial_shops, shop,
          nicolae_shop_competitors_out_of_business, uniq_sonja, uniq_urug
D:14:     layout_roguey, erik_vaults_2, uniq_kirke
Temple:   hellmonk_temple_forest_ring

Skill      XL: |  1  2  3  4  5  6  7  8  9 10 11 12 13 |
---------------+----------------------------------------+-----
Spellcasting   | 5 6 7 9 10 12 14 16 18 19 | 19.8
Fighting       | 1 2 3 4 5 |  5.0
Armour         | 1 2 3 4 5 |  5.4
Conjurations   | 2 3 4 5 7 8 9 11 12 | 12.0
Evocations     | 1 |  1.0
Dodging        | 3 |  3.0
Poison Magic   | 1 |  1.0
Stealth        | 3 |  3.0
Air Magic      | 1 |  1.2
Fire Magic     | 2 4 5 7 8 10 11 | 11.4
Necromancy     | 1 |  1.1
Shields        | 2 4 5 |  5.0
Ice Magic      | 1 |  1.0
Earth Magic    | 1 |  1.0
Summonings     | |  1.1
Translocations | |  1.1

Action                   |  1- 3 |  4- 6 |  7- 9 | 10-12 | 13-15 || total
-------------------------+-------+-------+-------+-------+-------++-------
Melee: Whip              |     6 |    56 |   176 |   202 |       ||   440
       Punch             |       |     1 |     1 |     2 |       ||     4
       Staff             |       |       |       |     1 |     4 ||     5
 Cast: Magic Dart        |    60 |   102 |   280 |   206 |       ||   648
       Mephitic Cloud    |     1 |     8 |    38 |    75 |     3 ||   125
       Call Imp          |       |     1 |     3 |    13 |       ||    17
       Blink             |       |       |     3 |    10 |     3 ||    16
       Hailstorm         |       |       |       |   100 |     2 ||   102
       Starburst         |       |       |       |    44 |    56 ||   100
       Fireball          |       |       |       |       |     3 ||     3
Evoke: Wand              |       |       |     1 |     8 |     3 ||    12
  Use: Potion            |       |       |       |     3 |       ||     3
       Scroll            |       |       |       |    15 |     5 ||    20
 Stab: Confused          |     1 |     4 |    16 |    30 |       ||    51
       Sleeping          |       |     3 |     1 |     1 |       ||     5
Armor: Leather armour    |     5 |    19 |    74 |    52 |       ||   150
       Troll leather arm |       |       |       |    16 |     8 ||    24
Dodge: Dodged            |     5 |    37 |    95 |   172 |     7 ||   316
Block: Buckler           |       |       |       |    22 |     7 ||    29

Table legend: (Time is in decaauts)
 A = Elapsed time spent in this place.
 B = Non-inter-level travel time spent in this place.
 C = Inter-level travel time spent in this place.
 D = Time resting spent in this place.
 E = Time spent auto-exploring this place.
 F = Levels seen in this place.
 G = Mean time per level.
                   A        B        C        D        E       F      G
               +--------+--------+--------+--------+--------+-----+--------+
         Total |  17326 |  16846 |    480 |   1102 |  12469 |  15 | 1155.1 |
       Dungeon |  17257 |  16791 |    466 |   1102 |  12427 |  14 | 1232.6 |
        Temple |     69 |     55 |     14 |      0 |     42 |   1 |   69.0 |
               +--------+--------+--------+--------+--------+-----+--------+

Top non-repeatable levels by time:
     D:8: 2190 daAuts
     D:9: 1614 daAuts
     D:5: 1529 daAuts
     D:1: 1316 daAuts
     D:7: 1264 daAuts
     D:3: 1241 daAuts
    D:10: 1218 daAuts
    D:13: 1190 daAuts
    D:14: 1018 daAuts
     D:4: 1013 daAuts
     D:6: 950 daAuts
    D:11: 921 daAuts
    D:12: 905 daAuts
     D:2: 881 daAuts
  Temple: 69 daAuts
